 Dungeon Crawl Stone Soup version 0.19-a0-1035-gdbfb0c6 (webtiles) character file.

6 Huckle the Scratcher (level 1, -1/9 HPs)
             Began as a Felid Transmuter on July 29, 2016.
             Slain by a kobold
             ... wielding a +0 whip
              (3 damage)
             ... on level 1 of the Dungeon.
             The game lasted 00:00:53 (175 turns).

Huckle the Scratcher (Felid Transmuter)              Turns: 175, Time: 00:00:54

Health: -1/9       AC:  1    Str:  6    XL:     1   Next: 75%
Magic:  3/4        EV: 18    Int: 14    God:
Gold:   12         SH:  0    Dex: 16    Spells: 1 memorised, 3 levels left
                                        Lives:  0   Deaths: 0

rFire  . . .     SeeInvis +       - Unarmed
rCold  . . .     Gourm    .     (armour unavailable)
rNeg   . . .     Faith    .     (shield unavailable)
rPois  .         Spirit   .     (helmet unavailable)
rElec  .         Dismiss  .     (cloak unavailable)
rCorr  .         Reflect  .     (gloves unavailable)
SustAt .         Harm     .     (boots unavailable)
MR     .....                    (no amulet)
Stlth  ++........               (no ring)
                                (no ring)

@: appendage (expiring), quick, not resistant to hostile enchantments,
unstealthy
A: no armour, no weapons or thrown items, claws 1, fangs 3, horns 2, see
invisible, carnivore 3, speed 1, shaggy fur 1, slow metabolism 1, sharp paws
a: End Transformation


You were on level 1 of the Dungeon.
You were full.
You had grown temporary horns.
You visited 1 branch of the dungeon, and saw 1 of its levels.

You collected 12 gold pieces.

Inventory:

Missiles
 a - 12 arrows
Books
 b - a book of Changes

   Spells                             Type                      Level
   a - Beastly Appendage              Transmutation                1
   b - Sticks to Snakes               Transmutation                2
   c - Spider Form                    Transmutation/Poison         3
   d - Ice Form                       Ice/Transmutation            4
   e - Blade Hands                    Transmutation                5
Comestibles
 c - a meat ration


   Skills:
 - Level 1.0 Fighting
 - Level 2.6 Dodging
 - Level 3.0 Unarmed Combat
 + Level 2.2 Spellcasting
 + Level 2.5 Transmutations


You had 3 spell levels left.
You knew the following spells:

 Your Spells              Type           Power        Failure   Level  Hunger
a - Beastly Appendage     Tmut           #.....       10%         1    #......


Dungeon Overview and Level Annotations

Branches:
Dungeon (1/15)

Altars:


Innate Abilities, Weirdness & Mutations

You cannot wear armour.
You are incapable of wielding weapons or throwing items.
You have sharp claws.
You have razor-sharp teeth.
You have supernaturally acute eyesight. (SInv)
You are carnivorous and can eat meat at any time.
You cover ground quickly.
You are covered in fur. (AC +1)
You have a slow metabolism.
Your sharp claws are effective at attacking unaware monsters.
You have a pair of horns on your head.


Message History

Your horns disappear.
The kobold shouts!
You hear an angry hiss.
You scratch the kobold but do no damage.
The kobold closely misses you.
Casting: Beastly Appendage
Confirm with . or Enter, or press ? or * to list all spells.
You grow a pair of large bovine horns.
The kobold hits you with a whip.
* * * LOW HITPOINT WARNING * * *
You closely miss the kobold. The kobold closely misses you.
You scratch the kobold but do no damage.
Your headbutt misses the kobold. The kobold misses you.
A giant newt comes into view.
You closely miss the kobold. You headbutt the kobold.
The kobold is severely wounded.
Your transformation is almost over.
The kobold completely misses you.
You scratch the kobold but do no damage.
The kobold is severely wounded.
The kobold hits you with a whip.
You die...

####### .##.....#
........ ###### #
#l.... #.....# #.
#.#..#####.......
#.##..#.#..............
#.....K@#..............
#............##)##.....
#...........##...## ...
#......(#...#..<..# .
#......##...##...##
#...... #....##+##
#...... #......
..#####..........
#.(.#.#####.#


You could see a kobold and a giant newt.

Vanquished Creatures
  A dart slug (D:1)
  2 hobgoblins (D:1)
  A bat (D:1)
4 creatures vanquished.

Notes
Turn   | Place    | Note
-------+----------+-------------------------------------------
     0 | D:1      | Huckle the Felid Transmuter began the quest for the Orb.
     0 | D:1      | Reached XP level 1. HP: 9/9 MP: 4/4
   175 | D:1      | Slain by a kobold

Vault maps used:
D:1:      dpeg_arrival_shelter

Action                   || total
-------------------------++-------
Melee: Unarmed           ||    19
       Headbutt          ||     2
       Bite              ||     1
 Cast: Beastly Appendage ||     3
  Eat: Chunk             ||     3
Dodge: Dodged            ||    10
